 Dungeon Crawl Stone Soup version 0.18.1-8-gdd0e5ea (webtiles) character file.

67 Loading the Ruffian (level 4, -2/40 HPs)
             Began as a Ghoul Monk on May 30, 2016.
             Slain by Sigmund
             ... wielding a +0 scythe
              (6 damage)
             ... on level 2 of the Dungeon.
             The game lasted 00:02:28 (949 turns).

Loading the Ruffian (Ghoul Monk)                     Turns: 949, Time: 00:02:29

Health: -2/40      AC:  5    Str: 16    XL:     4   Next: 16%
Magic:  3/3        EV: 11    Int:  5    God:
Gold:   122        SH:  0    Dex: 12    Spells: 0 memorised, 3 levels left

rFire  . . .     SeeInvis .       - Unarmed
rCold  + . .     Gourm    .     c - +0 ring mail
rNeg   + + +     Faith    .     (no shield)
rPois  ∞         Spirit   .     (no helmet)
rElec  .         Dismiss  .     (no cloak)
rCorr  .         Reflect  .     (no gloves)
SustAt .         Harm     .     (no boots)
MR     .....                    (no amulet)
Stlth  ++........               (no ring)
                                f - +2 ring of strength

@: rotting, not resistant to hostile enchantments, unstealthy
A: rotting body, claws 1, carnivore 3, cold resistance 1, negative energy
resistance 3, slow regeneration 1, torment resistance, unbreathing
a: no special abilities


You were on level 2 of the Dungeon.
You were not hungry.

You visited 1 branch of the dungeon, and saw 2 of its levels.

You collected 122 gold pieces.

Inventory:

Armour
 a - a +0 robe
 c - a +0 ring mail (worn)
Jewellery
 f - a +2 ring of strength (left claw)
Wands
 k - a wand of digging (9/24)
 m - a wand of teleportation (2/9)
Scrolls
 e - 3 scrolls of amnesia {unknown}
 h - 2 scrolls of identify {unknown}
Potions
 d - 3 potions of curing {unknown}
 i - a potion of might {unknown}
 l - a potion of haste {unknown}
Comestibles
 b - 4 meat rations
 g - a slice of pizza
 j - 13 chunks of flesh


   Skills:
 + Level 3.7 Fighting
 + Level 1.2 Armour
 - Level 2.6 Dodging
 + Level 3.1 Stealth
 * Level 5.0 Unarmed Combat


You had 3 spell levels left.
You didn't know any spells.

Dungeon Overview and Level Annotations

Branches:
Dungeon (2/15)

Altars:
Dithmenos
Fedhas
Okawaru
Ru
Vehumet

Annotations:
D:2 Sigmund


Innate Abilities, Weirdness & Mutations

Your body is rotting away.
You thrive on raw meat.
You are immune to poison.
You have sharp fingernails.
You are carnivorous and can eat meat at any time.
Your flesh is cold resistant.
You are immune to negative energy.
You regenerate slowly when monsters are visible.
You are immune to unholy pain and torment.
You can survive without breathing.


Message History

No target in view!
No target in view!
No target in view!
Drink which item? (? for menu, Esc to quit)
Okay, then.
You hear some strange, mumbled words.
A puff of flame appears from out of thin air!
The puff of flame hits you! Something hits you.
You scratch something. You scratch something.
Something hits you but does no damage.
You scratch something. Something hits you!
You closely miss something. You closely miss something. Something hits you!
* * * LOW HITPOINT WARNING * * *
You miss something. You scratch something. Something hits you.
* * * LOW HITPOINT WARNING * * *
You miss something. Something hits you.
You die...

#### #######
....##.....##
.............##
..........{....#
...........@<...#
#..........%.....#
#.............?..#
#................#
#................#
####
#..............##
...####............##
##>.............####
##........#.#####


There were no monsters in sight!

Vanquished Creatures
  Jessica (D:2)
  An adder (D:2)
  A dart slug (D:1)
  A giant gecko (D:2)
  3 bats
  3 giant cockroaches (D:1)
  5 hobgoblins
  A quokka (D:2)
  A giant newt (D:2)
  6 goblins
  2 kobolds (D:2)
  A rat (D:1)
26 creatures vanquished.

Notes
Turn   | Place    | Note
--------------------------------------------------------------
     0 | D:1      | Loading the Ghoul Monk began the quest for the Orb.
     0 | D:1      | Reached XP level 1. HP: 19/19 MP: 0/0
   188 | D:1      | Reached XP level 2. HP: 24/25 MP: 1/1
   692 | D:2      | Noticed Jessica
   714 | D:2      | Killed Jessica
   714 | D:2      | Reached skill level 1 in Armour
   714 | D:2      | Reached XP level 3. HP: 30/33 MP: 2/2
   771 | D:2      | Found a sacrificial altar of Ru.
   789 | D:2      | Reached skill level 5 in Unarmed Combat
   789 | D:2      | Reached XP level 4. HP: 34/40 MP: 3/3
   803 | D:2      | Found an iron altar of Okawaru.
   807 | D:2      | Found a shadowy altar of Dithmenos.
   808 | D:2      | Found a blossoming altar of Fedhas.
   826 | D:2      | Found a radiant altar of Vehumet.
   936 | D:2      | Noticed Sigmund
   949 | D:2      | Slain by Sigmund

Skill      XL: |  1  2  3 |
---------------+----------+-----
Armour         | 1 |  1.2
Stealth        | 3 |  3.1
Unarmed Combat | 5 |  5.0
Fighting       | |  3.7
Dodging        | |  2.6

Action                   |  1- 3 |  4- 6 || total
-------------------------+-------+-------++-------
Melee: Unarmed           |    63 |    26 ||    89
  Eat: Chunk             |     3 |       ||     3
Armor: Ring mail         |    21 |     5 ||    26
Dodge: Dodged            |    25 |    13 ||    38
